cohdb
Replays
Latest Replays
All Replays
Popular Replays
Top Player Replays
Match Explorer
How It Works
Community
CoH3 Stats
Reddit
Sign in to upload your games and track your stats! →
Sign in with Steam
Match 47049231
Unlisted
Match 47049231
Overview
Messages
Build Orders
End
Construct Barracks
Engineer Squad
Riflemen Squad
Riflemen Squad
M1 Mortar Team
Mechanized Support Center
Grenade Package
Construct Motor Pool
M8 Greyhound Armored Car
Riflemen Squad
Construct Medical Station
Designate Forward Repair Station
M3 75 mm Gun Motor Carriage
Selects Heavy Weapons
Selects Assault Carriers
Selects Exchangeable Parts
M1918 Browning Automatic Rifles
Engineer Squad
M1 Anti-tank Gun Team
Riflemen Squad
Construct Tank Depot
.30 cal Machine Gun
M4A1 Sherman Medium Tank
Selects M26 Pershing Heavy Tank
Designate Forward Repair Station
M1 Anti-tank Gun Team
Riflemen Squad
M1 Anti-tank Gun Team
Riflemen Squad
M26 Pershing Heavy Tank
PvtBaker
FLYCAT
Daniel Gaming
Leitong
0
0
Comments
sign in to comment!
No comments posted yet!